 Dungeon Crawl Stone Soup version 0.22-a0-443-g17c3723 (webtiles) character file.

124 KristoblXynda the Skirmisher (level 4, 0/41 HPs)
             Began as a Draconian Monk on June 1, 2018.
             Succumbed to a worker ant's poison
             ... on level 3 of the Dungeon.
             The game lasted 00:04:04 (2929 turns).

KristoblXynda the Skirmisher (Draconian Monk)       Turns: 2929, Time: 00:04:05

Health: 0/41       AC:  5    Str: 13    XL:     4   Next: 81%
Magic:  4/4        EV: 14    Int: 16    God:
Gold:   156        SH:  0    Dex: 14    Spells: 3/3 levels left

rFire    . . .     SeeInvis +     - Unarmed
rCold    . . .     Gourm    .   (no shield)
rNeg     . . .     Faith    .   (armour unavailable)
rPois    .         Spirit   .   (helmet restricted)
rElec    .         Reflect  .   (no cloak)
rCorr    .         Harm     .   (no gloves)
MR       .....                  (no boots)
Stlth    ++........             (no amulet)
HPRegen  0.13/turn              g - ring of see invisible
MPRegen  0.09/turn              (no ring)

@: brilliant, lethally poisoned (0 -> -8)
A: unfitting armour, cold-blooded, AC +5
a: no special abilities


You were on level 3 of the Dungeon.
You were hungry.

You visited 1 branch of the dungeon, and saw 3 of its levels.

You collected 156 gold pieces.

Inventory:

Hand Weapons
 e - a +3 long sword
Jewellery
 g - a ring of see invisible (left hand)
 j - a cursed amulet of the acrobat {unknown}
Scrolls
 b - 4 scrolls of identify {unknown}
 c - 2 scrolls of remove curse {unknown}
 d - a scroll of enchant weapon {unknown}
 f - a scroll of amnesia {unknown}
 h - 3 scrolls of teleportation {unknown}
 i - a scroll of noise {unknown}
Comestibles
 a - 2 rations


   Skills:
 - Level 4.4 Fighting
 + Level 3.6 Dodging
 - Level 1.7 Stealth
 + Level 4.0 Unarmed Combat


You had 3 spell levels left.
You didn't know any spells.
Your spell library was empty.

Dungeon Overview and Level Annotations

Branches:
Dungeon (3/15)

Altars:
The Shining One


Innate Abilities, Weirdness & Mutations

Your plain brown scales are hard. (AC +5)
You cannot fit into any form of body armour.
You are cold-blooded and may be slowed by cold attacks.


Message History

It was a potion of brilliance.
You feel clever all of a sudden. The worker ant bites you.
* * * LOW HITPOINT WARNING * * *
You are lethally poisoned!
The worker ant poisons you!
You hit the worker ant but do no damage.
The worker ant is severely wounded.
* * * LOW HITPOINT WARNING * * *
You feel sick. The worker ant barely misses you.
* * * LOW HITPOINT WARNING * * *
You feel sick. The worker ant bites you.
* * * LOW HITPOINT WARNING * * *
* * * LOW HITPOINT WARNING * * *
You feel sick.
You aren't carrying any items that you can evoke.
Unknown command.
* * * LOW HITPOINT WARNING * * *
You feel sick.
You die...

##. #........# #........
#....... #...... #....?
#.... ##...#+###
##########.#...@+[..
##.......##......#.#
.......# ##..#..a<#
.......# #(.#.##g###
.......# ##.#.g....#
.......# #...##.#.#
.......# ####..###.#.#
.......# #.........#.#
.......#+#....#.##+#+###


You could see a worker ant and a hobgoblin.

Vanquished Creatures
  Terence (D:3)
  Robin (D:2)
  2 adders
  3 worms
  A dart slug (D:2)
  2 leopard geckos
  13 goblins
  8 hobgoblins
  3 jackals (D:1)
  A quokka (D:2)
  7 bats
  5 frilled lizards
  4 kobolds
  8 rats
59 creatures vanquished.

Notes
Turn   | Place    | Note
-------+----------+-------------------------------------------
     0 | D:1      | KristoblXynda the Draconian Monk began the quest for the Orb.
     0 | D:1      | Reached XP level 1. HP: 19/19 MP: 1/1
   224 | D:1      | Reached XP level 2. HP: 15/26 MP: 2/2
  1133 | D:1      | Reached XP level 3. HP: 30/33 MP: 3/3
  1371 | D:2      | Found a glowing golden altar of the Shining One.
  2079 | D:2      | Reached XP level 4. HP: 39/40 MP: 4/4
  2080 | D:2      | Noticed Robin
  2114 | D:2      | Killed Robin
  2466 | D:3      | Noticed Terence
  2481 | D:3      | Killed Terence
  2927 | D:3      | HP: 2/41 [poisoned by a worker ant]
  2929 | D:3      | Succumbed to a worker ant's poison

Vault maps used:
D:1:      sevenhm_arrival_forest_fort_large_4, dk_noncrumbling_4
D:2:      nicolae_tso_carved_into_rock, uniq_robin
D:3:      uniq_terence

Skill      XL: |  1  2  3  4 |
---------------+-------------+-----
Dodging        | 3 |  3.6
Fighting       | 4 |  4.4
Unarmed Combat | 4 |  4.0
Stealth        | |  1.7

Action                   |  1- 3 |  4- 6 || total
-------------------------+-------+-------++-------
Melee: Unarmed           |   208 |    69 ||   277
       Tailslap          |    21 |    14 ||    35
       Punch             |     1 |       ||     1
  Use: Potion            |     1 |     1 ||     2
 Stab: Sleeping          |     5 |     1 ||     6
  Eat: Chunk             |     3 |     3 ||     6
Armor: Skin              |    60 |    21 ||    81
Dodge: Dodged            |   166 |    35 ||   201

Table legend:
 A = Spawn XP
 B = Non-spawn XP
 C = Spawn XP percentage of total XP
 D = Spawn monster count
 E = Non-spawn monster count
 F = Spawn count percentage of total count
 G = Total turns spent on level
                    A         B        C        D         E        F      G
               +---------+---------+-------+---------+---------+-------+---------
         Total |       0 |     178 |   0.0 |       0 |      59 |   0.0 |  2929
               +---------+---------+-------+---------+---------+-------+---------
           D:1 |       0 |      42 |   0.0 |       0 |      25 |   0.0 |  1231
           D:2 |       0 |      79 |   0.0 |       0 |      27 |   0.0 |  1169
           D:3 |       0 |      57 |   0.0 |       0 |       7 |   0.0 |   529
               +---------+---------+-------+---------+---------+-------+---------
